Unix NetHack Version 3.7.0-94 Work-in-progress - last build Dec 18 2023 00:11:04 (7e3deff068b9ef4f2ebb9a71ea0f5c4a3b578a14,branch:master). Game began 2023-12-24 20:53:04, ended 2023-12-24 22:09:03. xororand, neutral male human Priest --- --- |. . |.- .- |.| .| |.| ----.+ --------- |.| |..|.| |........# |.--+|..|.----- |.......|###### # .....-|--..-..| |.......| #### |..........| --+ |...)...| ## |.{..--|-.-- |. |...>...| ##|....|..|.| |. |.......| #|.--||).|.| |.- ---- --------- #|.|..|..|.| -.| |..| #0..|..|---.| |.+ |@.| #|.----....-----.----G-- ----- | ....................`...........| --------------------------------- Xororand the Acolyte St:10 Dx:10 Co:16 In:13 Wi:18 Ch:9 Neutral S:1570 Dlvl:8 $:28 HP:0(41) Pw:14(56) AC:0 Xp:5/298 T:2846 Burdened Latest messages: In what direction? h The magic missile hits the jaguar! You fail to cast the spell correctly. You fail to cast the spell correctly. The jaguar hits! The jaguar hits again! The jaguar bites! You don't have anything to zap. What do you want to write with? [- aitJ or ?*] - You write in the dust with your fingertip. What do you want to write in the dust here? Elbereth The jaguar turns to flee. In what direction? . You feel better. The door opens. In what direction? j The door resists! You hear the chime of a cash register. In what direction? j The door closes. What do you want to use or apply? [joprw-yCJK or ?*] ? What do you want to use or apply? [joprw-yCJK or ?*] Never mind. You hear a door open. You hear the chime of a cash register. You hear a door open. The gnomish wizard opens a door. You stop searching. What do you want to wield? [- aip or ?*] a a - a mace named Demonbane (weapon in right hand). The gnomish wizard zaps a spiked wand! The wand hits you! What do you want to wield? [- aip or ?*] i i - a blessed +1 mace (weapon in right hand). You miss the gnomish wizard. The gnomish wizard zaps a spiked wand! The wand hits you! You miss the gnomish wizard. The gnomish wizard zaps a spiked wand! The wand hits you! You hear the howling of the CwnAnnwn... You hit the gnomish wizard! The gnomish wizard zaps a spiked wand! The wand hits you! You die... Do you want your possessions identified? [ynq] (y) n Do you want to see your attributes? [ynq] (y) n Do you want an account of creatures vanquished? [ynaq] (y) n Do you want to see your conduct and achievements? [ynq] (y) n Do you want to see the dungeon overview? [ynq] (y) n Inventory: Coins $ - 28 gold pieces Weapons a - the +0 Demonbane i - a blessed +1 mace (weapon in right hand) Armor H - a blessed +2 dwarvish iron helm (being worn) h - a +0 pair of speed boots (being worn) c - a +0 small shield (being worn) b - a +0 robe (being worn) g - a +0 leather armor (being worn) Comestibles e - 2 cloves of garlic f - a sprig of wolfsbane n - a lichen corpse Scrolls F - a blessed scroll of blank paper G - a scroll of blank paper u - a scroll of fire v - a blessed scroll of punishment B - a blessed scroll of teleportation Spellbooks C - a spellbook of chain lightning x - a blessed spellbook of detect treasure j - a blessed spellbook of invisibility y - a blessed spellbook of magic missile Potions D - a potion of blindness L - a blessed potion of extra healing l - a potion of extra healing I - a potion of healing m - a blessed potion of paralysis E - a potion of see invisible z - a blessed potion of speed d - a potion of holy water Rings t - a ring of sustain ability Tools o - a bugle p - a +0 pick-axe r - a tin opener w - a tin whistle J - a towel K - a wax candle Xororand the Priest's attributes: Background: You were an Acolyte, a level 5 human Priest. You were neutral, on a mission for The Lady who was opposed by Blind Io (lawful) and Offler (chaotic). You were right-handed. You were in the Gnomish Mines, on level 8. You entered the dungeon 2846 turns ago. It was nighttime. You had 298 experience points, 22 more were needed to attain level 6. Your score was 1570 before end-of-game adjustments. Basics: You had 0 out of 41 hit points. You had 14 out of 56 energy points (spell power). Your armor class was 0. Your wallet contained 28 zorkmids. Autopickup was off. Final Characteristics: Your strength was 10 (limit:18/100). Your dexterity was 10 (limit:18). Your constitution was 16 (limit:18). Your intelligence was 13 (limit:18). Your wisdom was 18 (limit:18). Your charisma was 9 (limit:18). Final Status: You weren't hungry. You were burdened; movement was slightly slowed. You were wielding a mace. You had basic skill with mace and could have enhanced that. Final Attributes: You were piously aligned. You were guarded. You were very fast. You are dead. Miscellaneous: You encountered 1 bones level. Total elapsed playing time was 42 minutes and 44 seconds. Major events: Turn 1: xororand the neutral human Priest entered the dungeon 1250: found Demonbane on the floor 1356: attained the rank of Acolyte (level 3) 2090: entered the Gnomish Mines 2631: reached Mine Town 2846: killed by a wand Vanquished creatures: 3 gnome leaders a paper golem a kitten 3 dwarves a homunculus a kobold leader a giant bat a hobbit a green mold 22 gnomes a gecko 4 jackals 2 foxes a goblin a sewer rat a grid bug 2 lichens a kobold zombie 2 newts 50 creatures vanquished. No species were genocided or became extinct. Voluntary challenges: You read items or engraved 23 times. You engraved Elbereth 14 times. You never genocided any monsters. You never polymorphed an object. You never changed form. You used no wishes. Achievements: You entered a shop. You attained the rank of Acolyte. You entered the Gnomish Mines. You entered Minetown. The Dungeons of Doom: levels 1 to 5 Level 1: Level 2: A general store, a fountain. Level 3: An armor shop, a fountain, a grave. Level 4: Stairs down to The Gnomish Mines. Level 5: Final resting place for Vanch-Tou-Hum-Fem-Neu, killed by an imp. The Gnomish Mines: levels 5 to 8 Level 5: Level 6: Level 8: <- You were here. A fountain. Final resting place for you, killed by a wand. Game over: ---------- / \ / REST \ / IN \ / PEACE \ / \ | xororand | | 28 Au | | killed by a wand | | | | | | | | 2023 | *| * * * | * _________)/\\_//(\/(/\)/\//\/|_)_______ Goodbye xororand the Priest... You died in The Gnomish Mines on dungeon level 8 with 1568 points, and 28 pieces of gold, after 2846 moves. You were level 5 with a maximum of 41 hit points when you died.